 Dungeon Crawl Stone Soup version 0.29.1-2-gbd0b4ee654 (webtiles) character file.

Game seed: 13423177580520490555

23 llahlahkje the Grasshopper (level 3, -5/30 HPs)
             Began as a Ghoul Warper on Oct 28, 2022.
             Killed from afar by Sigmund (7 damage)
             ... with a magic dart
             ... on level 2 of the Dungeon.
             The game lasted 00:03:27 (589 turns).

llahlahkje the Grasshopper (Ghoul Warper)            Turns: 589, Time: 00:03:28

Health: -5/30      AC:  3    Str: 16    XL:     3   Next: 0%
Magic:  4/4        EV: 11    Int:  8    God:
Gold:   45         SH:  0    Dex:  8    Spells: 5/5 levels left

rFire   . . .      SeeInvis .     - Unarmed
rCold   + . .      Faith    .   (no shield)
rNeg    + + +      Spirit   .   a - +0 leather armour
rPois   ∞          Reflect  .   (no helmet)
rElec   .          Harm     .   (no cloak)
rCorr   .          Rampage  .   (no gloves)
Will    .....                   (no boots)
Stlth   ..........              (no amulet)
HPRegen 0.00/turn               (no ring)
MPRegen 0.09/turn               (no ring)

@: confused, inhibited regen
A: claws 1, cold resistance 1, negative energy resistance 3, inhibited
regeneration, torment resistance 2, devour on kill
a: no special abilities


You were on level 2 of the Dungeon.
You visited 1 branch of the dungeon, and saw 2 of its levels.

You collected 45 gold pieces.

Inventory:

Missiles
 c - 7 boomerangs of dispersal (quivered)
Armour
 a - a +0 leather armour (worn)


   Skills:
 + Level 2.6 Fighting
 + Level 0.8 Throwing
 + Level 1.2 Armour
 + Level 1.7 Dodging
 + Level 2.6 Unarmed Combat
 + Level 1.8 Spellcasting
 + Level 3.0 Translocations


You had 5 spell levels left.
You didn't know any spells.
Your spell library contained the following spells:

 Spells                   Type           Power      Damage    Failure   Level
 Blink                    Tloc           10%        N/A       19%         2
 Gell's Gravitas          Tloc           5%         N/A       36%         3
 Lesser Beckoning         Tloc           5%         N/A       36%         3
 Teleport Other           Tloc           5%         N/A       36%         3
 Manifold Assault         Tloc           5%         N/A       98%         5


Dungeon Overview and Level Annotations

Branches:
Dungeon (2/15)

Altars:

Annotations:
D:2 Sigmund


Innate Abilities, Weirdness & Mutations

You are immune to poison.
You have sharp fingernails.
Your flesh is cold resistant. (rC+)
You are immune to negative energy. (rN+++)
You do not regenerate when monsters are visible.
You are immune to unholy pain and torment.
You thrive by killing the living.


Message History

This spell is extremely dangerous to cast!
Memorise Lesser Beckoning, consuming 3 spell levels and leaving 2?
Okay, then.
This spell is extremely dangerous to cast!
Memorise Gell's Gravitas, consuming 3 spell levels and leaving 2?
You start memorising the spell.
You continue memorising. x2
Sigmund closely misses you.
You continue memorising.
Sigmund gestures at you while chanting.
Your memorisation is interrupted.
You resist with significant effort. Sigmund barely misses you.
You barely miss Sigmund.
Sigmund is lightly wounded.
You completely miss Sigmund.
Sigmund is lightly wounded.
Sigmund screams, "You will never...
NEVER!!!"
Sigmund closely misses you.
You scratch Sigmund but do no damage.
Sigmund is lightly wounded.
Sigmund gestures at you while chanting. The puff of flame misses you.
You barely miss Sigmund.
Sigmund is lightly wounded.
Sigmund closely misses you.
You barely miss Sigmund.
Sigmund is lightly wounded.
You scratch Sigmund.
Sigmund is moderately wounded.
Sigmund gestures at you while chanting.
You are confused.
You barely miss Sigmund.
Sigmund is moderately wounded.
Sigmund hits you with a +0 scythe.
* * * LOW HITPOINT WARNING * * *
Sigmund casts a spell at you. The puff of flame misses you.
You bump into the rock wall.
Sigmund gestures at you while chanting. The magic dart hits you!
You die...

#.# ..### ####
#.#.. #..# #.#.###
#..# #.#.#.. #..#
#.#.#..
#..#########.#.#..
#@.@gh..........(.
#.######.....#.###
#.# #...@.#.###
#.# #####.#.##.
#.# #..##.. #.#
#..+... #.#
#..###. #.#
#.#.##. #.#.##.


You could see Sigmund, a jackal and a goblin.

Vanquished Creatures
  A dart slug (D:2)
  An endoplasm (D:1)
  5 giant cockroaches
  A goblin (D:2)
  A hobgoblin (D:2)
  A quokka (D:1)
  4 ball pythons
  A bat (D:2)
  A frilled lizard (D:1)
  2 kobolds (D:1)
  2 rats (D:2)
20 creatures vanquished.

Notes
Turn   | Place    | Note
-------+----------+-------------------------------------------
     0 | D:1      | llahlahkje the Ghoul Warper began the quest for the Orb.
     0 | D:1      | Reached XP level 1. HP: 17/17 MP: 2/2
   295 | D:1      | Reached XP level 2. HP: 23/25 MP: 3/3
   308 | D:1      | Reached skill level 1 in Armour
   402 | D:1      | Reached skill level 3 in Translocations
   537 | D:2      | Noticed Sigmund
   554 | D:2      | HP: 1/25 [something (4)]
   555 | D:2      | Reached XP level 3. HP: 2/30 MP: 4/4
   589 | D:2      | Killed from afar by Sigmund

Illustrated notes

Levels and vault maps discovered:
D:1:      reono_arrival_mine, layout_loops_corners,
          chequers_serial_rivers_room_b
D:2:      layout_basic, hellmonk_ecumenical_altar_arch_garden,
          grunt_ministairs_15, uniq_jessica, uniq_sigmund,
          uniq_crazy_yiuf_cottage

Skill      XL: |  1  2 |
---------------+-------+-----
Armour         | 1 |  1.2
Translocations | 3 |  3.0
Fighting       | |  2.6
Throwing       | |  0.8
Dodging        | |  1.7
Unarmed Combat | |  2.6
Spellcasting   | |  1.8

Action                   || total
-------------------------++-------
Melee: Unarmed           ||    89
  Use: Scroll            ||     1
Armor: Leather armour    ||    19
Dodge: Dodged            ||    50
